 Dungeon Crawl Stone Soup version 0.22-a0-135-g6f012ad (webtiles) character file.

56 sankara the Grave Robber (level 3, 0/24 HPs)
             Began as a Demonspawn Necromancer on Feb 1, 2018.
             Slain by Sigmund
             ... wielding a +0 scythe
              (13 damage)
             ... on level 2 of the Dungeon.
             The game lasted 00:13:26 (2094 turns).

sankara the Grave Robber (Demonspawn Necromancer)   Turns: 2094, Time: 00:13:26

Health: 0/24       AC:  3    Str:  8    XL:     3   Next: 71%
Magic:  3/7        EV: 12    Int: 16    God:
Gold:   58         SH:  0    Dex: 14    Spells: 0/8 levels left

rFire    . . .     SeeInvis .   g - +0 short sword
rCold    . . .     Gourm    .   (no shield)
rNeg     . . .     Faith    .   a - +0 robe
rPois    .         Spirit   .   (helmet restricted)
rElec    .         Reflect  .   (no cloak)
rCorr    .         Harm     .   (no gloves)
MR       .....                  p - +0 pair of boots
Stlth    +.........             (no amulet)
HPRegen  0.08/turn              d - ring of wizardry
MPRegen  0.10/turn              (no ring)

@: confused
A: antennae 1
a: no special abilities


You were on level 2 of the Dungeon.
You were hungry.

You visited 1 branch of the dungeon, and saw 2 of its levels.

You collected 58 gold pieces.

Inventory:

Hand Weapons
 g - a +0 short sword (weapon)
 m - a +0 mace
Missiles
 f - 21 stones (quivered)
 i - 21 sling bullets
Armour
 a - a +0 robe (worn)
 p - a +0 pair of boots (worn)
Jewellery
 d - a ring of wizardry (left hand)
Scrolls
 e - a scroll of identify
 q - a scroll of teleportation {unknown}
Potions
 h - 2 potions of mutation
Books
 b - a book of Necromancy

   Spells                             Type                      Level
   a - Pain                           Necromancy                   1
   b - Animate Skeleton               Necromancy                   1
   c - Vampiric Draining              Necromancy                   3
   d - Regeneration                   Charms/Necromancy            3
   e - Animate Dead                   Necromancy                   4
Comestibles
 c - 3 rations


   Skills:
 - Level 1.7 Dodging
 - Level 1.7 Stealth
 + Level 3.0 Spellcasting
 + Level 5.2 Necromancy


You couldn't memorise any spells.
You knew the following spells:

 Your Spells              Type           Power        Failure   Level  Hunger
a - Pain                  Necr           ###.         1%          1    #......
b - Animate Skeleton      Necr           N/A          1%          1    #......
c - Vampiric Draining     Necr           ###.......   2%          3    ###....
d - Regeneration          Chrm/Necr      ##........   8%          3    ###....


Dungeon Overview and Level Annotations

Branches:
Dungeon (2/15)

Altars:
Wu Jian

Annotations:
D:2 Sigmund


Innate Abilities, Weirdness & Mutations

You have a pair of small antennae on your head.


Message History

You're too confused to cast spells.
Unknown command.
Are you sure you want to stumble around while confused and next to your quokka skeleton?
Okay, then.
Are you sure you want to stumble around while confused and next to your quokka skeleton?
You hit your quokka skeleton.
You destroy your quokka skeleton!
You are feeling hungry.
You hit Sigmund.
Sigmund is severely wounded.
Sigmund points at you and mumbles some strange words.
The magic dart hits you!
You're too confused to cast spells.
You're too confused!
You're too confused!
Unknown command.
Unknown command.
Sigmund hits you from afar with a scythe!
Ouch! That really hurt!
You die...

#.# ####.# ##...)##
##...[..## #........#
#...†....# #........#
#........# ##.@.@..##
##....## #.####
#.############ #####
#............# #....
###..........# #....
#..........###....
#.................
#########.....###....


You could see Sigmund.

Vanquished Creatures
  3 worms (D:2)
  A dart slug (D:2)
  14 giant cockroaches (D:2)
  5 hobgoblins
  3 kobolds
  A quokka (D:2)
  7 bats
  2 goblins (D:1)
  4 rats
40 creatures vanquished.

Vanquished Creatures (collateral kills)
  A bat (D:1)
1 creature vanquished.

Grand Total: 41 creatures vanquished

Notes
Turn   | Place    | Note
-------+----------+-------------------------------------------
     0 | D:1      | sankara the Demonspawn Necromancer began the quest for the Orb.
     0 | D:1      | Reached XP level 1. HP: 13/13 MP: 3/3
    14 | D:1      | Learned a level 1 spell: Animate Skeleton
   521 | D:1      | Gained mutation: You have a pair of small antennae on your head. [demonic ancestry]
   521 | D:1      | Reached XP level 2. HP: 19/19 MP: 3/5
   892 | D:2      | Noticed Sigmund
  1103 | D:2      | Reached skill level 5 in Necromancy
  1103 | D:2      | Reached XP level 3. HP: 7/24 MP: 1/7
  1304 | D:2      | Learned a level 3 spell: Vampiric Draining
  1332 | D:2      | Found an ornate altar of the Wu Jian Council.
  1806 | D:1      | Learned a level 3 spell: Regeneration
  2094 | D:2      | Slain by Sigmund

Vault maps used:
D:1:      elethiomel_arrival_quiet
D:2:      minmay_roachtagon, marbit_many_paths, uniq_terence, uniq_sigmund

Skill      XL: |  1  2  3 |
---------------+----------+-----
Necromancy     | 5 |  5.2
Spellcasting   | 3 |  3.0
Dodging        | |  1.7
Stealth        | |  1.7

Action                   || total
-------------------------++-------
Melee: Short sword       ||    71
 Cast: Pain              ||    56
       Animate Skeleton  ||    10
       Regeneration      ||     2
  Use: Scroll            ||     5
       Potion            ||     1
 Stab: Sleeping          ||     6
  Eat: Chunk             ||     4
Armor: Robe              ||    39
Dodge: Dodged            ||    77

Table legend:
 A = Spawn XP
 B = Non-spawn XP
 C = Spawn XP percentage of total XP
 D = Spawn monster count
 E = Non-spawn monster count
 F = Spawn count percentage of total count
 G = Total turns spent on level
                    A         B        C        D         E        F      G
               +---------+---------+-------+---------+---------+-------+---------
         Total |       0 |      81 |   0.0 |       0 |      41 |   0.0 |  2094
               +---------+---------+-------+---------+---------+-------+---------
           D:1 |       0 |      18 |   0.0 |       0 |      12 |   0.0 |   952
           D:2 |       0 |      63 |   0.0 |       0 |      29 |   0.0 |  1142
               +---------+---------+-------+---------+---------+-------+---------
